TOP OF THE 1ST |
Naperville Battlekings batting - Pitching for Gryfindor Braves : RHP Juan Contreras
|
Pitching: RHP Juan Contreras
|
|
Batting: RHB Fernando Martínez
|
0-0: Ball 1-0: Ball 2-0: Ball 3-0: Called Strike 3-1: Base on Balls
|
Batting: LHB Arthur Ryan
|
0-0: Called Strike 0-1: Called Strike Fernando Martínez steals 2nd base 0-2: Fly out, F9 (Flyball, 89D) Runner from 2nd tags up, SAFE at 3rd, no throw
|
Batting: RHB Bill Rinck
|
0-0: Foul Ball, location: 2F 0-1: Swinging Strike 0-2: Foul Ball, location: 2F 0-2: Hit by Pitch
|
Batting: RHB Ángel Rivera
|
0-0: Ball Bill Rinck steals 2nd base 1-0: SINGLE (Line Drive, 6MD) Fernando Martínez scores Bill Rinck to third Runner from 3rd tries for Home, SAFE, no throw
|
Batting: LHB Naohiro Sakai
|
0-0: Called Strike Ángel Rivera steals 2nd base 0-1: Called Strike 0-2: Ball 1-2: Ball 2-2: Ground out 6-3 (Groundball, 6) Ángel Rivera to third
|
Batting: RHB Sergio Pérez
|
0-0: Foul Ball, location: 2F 0-1: Ball 1-1: Called Strike 1-2: Ball 2-2: Foul Ball, location: 2F 2-2: Strikes out looking
|
Top of the 1st over - 2 runs, 1 hit, 0 errors, 1 left on base; Naperville 2 - Gryfindor 0 |
BOTTOM OF THE 1ST |
Gryfindor Braves batting - Pitching for Naperville Battlekings : RHP Steve Gardner
|
Pitching: RHP Steve Gardner
|
|
Batting: RHB Ernesto Souza
|
0-0: Called Strike 0-1: Foul Ball, location: 2F 0-2: Ball 1-2: Fly out, F9 (Flyball, 89S)
|
Batting: RHB Roy Herring
|
0-0: Ball 1-0: Ball 2-0: Ball 3-0: Base on Balls
|
Batting: LHB Micheal Garren
|
0-0: Called Strike 0-1: Ball 1-1: Called Strike 1-2: Grounds into double play, 5-4-3 (Groundball, 5)
|
Bottom of the 1st over - 0 runs, 0 hits, 0 errors, 0 left on base; Naperville 2 - Gryfindor 0 |
TOP OF THE 2ND |
Naperville Battlekings batting - Pitching for Gryfindor Braves : RHP Juan Contreras
|
Batting: LHB Wilson López
|
0-0: Foul Ball, location: 2F 0-1: Swinging Strike 0-2: Strikes out looking
|
Batting: RHB Jean Lechuga
|
0-0: Ball 1-0: Ball 2-0: Ball 3-0: Called Strike 3-1: Foul Ball, location: 2F 3-2: Fly out, F6 (Line Drive, 6)
|
Batting: LHB Rubén Aracil
|
0-0: Ball 1-0: Ball 2-0: Ball 3-0: Base on Balls
|
Batting: RHB Fernando Martínez
|
0-0: Called Strike 0-1: Ball 1-1: Ball 2-1: SINGLE (Groundball, 6MD) Rubén Aracil to second
|
Batting: LHB Arthur Ryan
|
0-0: Ball 1-0: Ball 2-0: Ball 3-0: Called Strike 3-1: Foul Ball, location: 2F 3-2: Ground out 6-3 (Groundball, 6)
|
Top of the 2nd over - 0 runs, 1 hit, 0 errors, 2 left on base; Naperville 2 - Gryfindor 0 |
BOTTOM OF THE 2ND |
Gryfindor Braves batting - Pitching for Naperville Battlekings : RHP Steve Gardner
|
Batting: RHB Paul Penrice
|
0-0: Ground out 5-3 (Groundball, 56S)
|
Batting: LHB Ignacio Medine
|
0-0: Called Strike 0-1: Foul Ball, location: 2F 0-2: Ground out 1-3 (Groundball, 13)
|
Batting: LHB Brent van Schoonhoven
|
0-0: Fly out, F8 (Line Drive, 89D)
|
Bottom of the 2nd over - 0 runs, 0 hits, 0 errors, 0 left on base; Naperville 2 - Gryfindor 0 |
TOP OF THE 3RD |
Naperville Battlekings batting - Pitching for Gryfindor Braves : RHP Juan Contreras
|
Batting: RHB Bill Rinck
|
0-0: Swinging Strike 0-1: Ball 1-1: Foul Ball, location: 2F 1-2: Ball 2-2: DOUBLE (Line Drive, 8RD)
|
Batting: RHB Ángel Rivera
|
0-0: Called Strike 0-1: Ball Throwing error on steal attempt, E2 Bill Rinck scores 1-1: Ground out 6-3 (Groundball, 6)
|
Batting: LHB Naohiro Sakai
|
0-0: Ball 1-0: Swinging Strike 1-1: Ball 2-1: Swinging Strike 2-2: Ball 3-2: Base on Balls
|
Batting: RHB Sergio Pérez
|
0-0: Ball 1-0: Foul Ball, location: 2F 1-1: Foul Ball, location: 2F 1-2: Foul Ball, location: 2F 1-2: Ball 2-2: Grounds into double play, 4-6-3 (Groundball, 34)
|
Top of the 3rd over - 1 run, 1 hit, 1 error, 0 left on base; Naperville 3 - Gryfindor 0 |
BOTTOM OF THE 3RD |
Gryfindor Braves batting - Pitching for Naperville Battlekings : RHP Steve Gardner
|
Batting: RHB Jeff Green
|
0-0: Foul Ball, location: 2F 0-1: Foul Ball, location: 2F 0-2: Ball 1-2: Fly out, F4 (Popup, 4M)
|
Batting: LHB Ken Watanabe
|
0-0: Called Strike 0-1: Ball 1-1: Foul Ball, location: 2F 1-2: Ball 2-2: Ball 3-2: SINGLE (Groundball, 3D)
|
Batting: RHB Rafael Durango
|
0-0: Ball 1-0: Ball 2-0: Called Strike 2-1: Ball 3-1: Base on Balls Ken Watanabe to second
|
Batting: RHB Ernesto Souza
|
0-0: Ball 1-0: Foul Ball, location: 2F 1-1: Ball 2-1: Foul Ball, location: 2F 2-2: Ball 3-2: Ground out 5-3 (Groundball, 56S) Ken Watanabe to third Rafael Durango to second
|
Batting: RHB Roy Herring
|
0-0: Ball 1-0: Foul Ball, location: 2F 1-1: Swinging Strike 1-2: Ball 2-2: Ground out 1-3 (Groundball, 13)
|
Bottom of the 3rd over - 0 runs, 1 hit, 0 errors, 2 left on base; Naperville 3 - Gryfindor 0 |
TOP OF THE 4TH |
Naperville Battlekings batting - Pitching for Gryfindor Braves : RHP Juan Contreras
|
Batting: LHB Wilson López
|
0-0: SINGLE (Groundball, 34D)
|
Batting: RHB Jean Lechuga
|
0-0: Ball Wilson López steals 2nd base 1-0: Foul Ball, location: 2F 1-1: Ball 2-1: Fly out, F7 (Flyball, 7)
|
Batting: LHB Rubén Aracil
|
0-0: Foul Ball, location: 2F 0-1: Fly out, F9 (Flyball, 9)
|
Batting: RHB Fernando Martínez
|
0-0: Foul Ball, location: 2F 0-1: Ball 1-1: Called Strike Wilson López steals 3rd base 1-2: DOUBLE (Line Drive, 8LD) Wilson López scores
|
Batting: LHB Arthur Ryan
|
0-0: Called Strike 0-1: Ball 1-1: Foul Ball, location: 2F 1-2: SINGLE (Groundball, 23) (infield hit) Fernando Martínez to third
|
Batting: RHB Bill Rinck
|
0-0: Ball 1-0: Fly out, F7 (Line Drive, 7)
|
Top of the 4th over - 1 run, 3 hits, 0 errors, 2 left on base; Naperville 4 - Gryfindor 0 |
BOTTOM OF THE 4TH |
Gryfindor Braves batting - Pitching for Naperville Battlekings : RHP Steve Gardner
|
Batting: LHB Micheal Garren
|
0-0: Ground out 5-3 (Groundball, 5S)
|
Batting: RHB Paul Penrice
|
0-0: Ball 1-0: Swinging Strike 1-1: Ball 2-1: SINGLE (Groundball, 6MD)
|
Batting: LHB Ignacio Medine
|
0-0: Ball 1-0: Ball 2-0: Called Strike 2-1: Foul Ball, location: 2F 2-2: Fly out, F9 (Line Drive, 9S)
|
Batting: LHB Brent van Schoonhoven
|
0-0: Ball 1-0: Fly out, F8 (Flyball, 8RS)
|
Bottom of the 4th over - 0 runs, 1 hit, 0 errors, 1 left on base; Naperville 4 - Gryfindor 0 |
TOP OF THE 5TH |
Naperville Battlekings batting - Pitching for Gryfindor Braves : RHP Juan Contreras
|
Batting: RHB Ángel Rivera
|
0-0: Ball 1-0: Ball 2-0: Ball 3-0: Base on Balls
|
Batting: LHB Naohiro Sakai
|
0-0: Ball 1-0: Ball Ángel Rivera is caught stealing 2nd base 2-0: Called Strike 2-1: Ball 3-1: Fly out, F9 (Flyball, 9LM)
|
Batting: RHB Sergio Pérez
|
0-0: Ball 1-0: Foul Ball, location: 2F 1-1: Ball 2-1: Swinging Strike 2-2: Ball 3-2: Ground out 6-3 (Groundball, 6)
|
Top of the 5th over - 0 runs, 0 hits, 0 errors, 0 left on base; Naperville 4 - Gryfindor 0 |
BOTTOM OF THE 5TH |
Gryfindor Braves batting - Pitching for Naperville Battlekings : RHP Steve Gardner
|
Batting: RHB Jeff Green
|
0-0: Called Strike 0-1: Ball 1-1: Ball 2-1: Foul Ball, location: 2F 2-2: Strikes out looking
|
Batting: LHB Ken Watanabe
|
0-0: Foul Ball, location: 2F 0-1: Swinging Strike 0-2: Ball 1-2: Ball 2-2: Strikes out swinging, 2-3 out at first.
|
Batting: RHB Rafael Durango
|
0-0: Hit by Pitch
|
Batting: RHB Ernesto Souza
|
0-0: Single, Error in OF, E8, batter to second base Rafael Durango to third
|
Batting: RHB Roy Herring
|
0-0: Ground out 6-3 (Groundball, 6)
|
Bottom of the 5th over - 0 runs, 1 hit, 1 error, 2 left on base; Naperville 4 - Gryfindor 0 |
TOP OF THE 6TH |
Naperville Battlekings batting - Pitching for Gryfindor Braves : RHP Juan Contreras
|
Batting: LHB Wilson López
|
0-0: Called Strike 0-1: Called Strike 0-2: Ball 1-2: Ball 2-2: Ground out U3 (Groundball, 34)
|
Batting: RHB Jean Lechuga
|
0-0: Ball 1-0: Fly out, F6 (Line Drive, 6)
|
Batting: LHB Rubén Aracil
|
0-0: Fly out, F7 (Line Drive, 7)
|
Top of the 6th over - 0 runs, 0 hits, 0 errors, 0 left on base; Naperville 4 - Gryfindor 0 |
BOTTOM OF THE 6TH |
Gryfindor Braves batting - Pitching for Naperville Battlekings : RHP Steve Gardner
|
Batting: LHB Micheal Garren
|
0-0: Ground out 4-3 (Groundball, 4)
|
Batting: RHB Paul Penrice
|
0-0: Called Strike 0-1: Ball 1-1: Ball 2-1: Called Strike 2-2: Fly out, F7 (Flyball, 7S)
|
Batting: LHB Ignacio Medine
|
0-0: Hit by Pitch
|
Batting: LHB Brent van Schoonhoven
|
0-0: Ball 1-0: Swinging Strike 1-1: Called Strike 1-2: Strikes out swinging
|
Bottom of the 6th over - 0 runs, 0 hits, 0 errors, 1 left on base; Naperville 4 - Gryfindor 0 |
TOP OF THE 7TH |
Naperville Battlekings batting - Pitching for Gryfindor Braves : RHP Juan Contreras
|
Batting: RHB Fernando Martínez
|
0-0: Called Strike 0-1: Called Strike 0-2: Ball 1-2: Foul Ball, location: 2F 1-2: Strikes out looking
|
Batting: LHB Arthur Ryan
|
0-0: Called Strike 0-1: Called Strike 0-2: Ball 1-2: Ball 2-2: Foul Ball, location: 2F 2-2: Ball 3-2: SOLO HOME RUN (Flyball, 9D), Distance : 393 ft
|
Pitching: RHP José Vargo
|
|
Batting: RHB Bill Rinck
|
0-0: Called Strike 0-1: Foul Ball, location: 2F 0-2: Fly out, F4 (Line Drive, 4)
|
Batting: RHB Ángel Rivera
|
0-0: Ball 1-0: Ball 2-0: Ball 3-0: Called Strike 3-1: Base on Balls
|
Batting: LHB Naohiro Sakai
|
0-0: Called Strike 0-1: Ground out 4-3 (Groundball, 4)
|
Top of the 7th over - 1 run, 1 hit, 0 errors, 1 left on base; Naperville 5 - Gryfindor 0 |
BOTTOM OF THE 7TH |
Gryfindor Braves batting - Pitching for Naperville Battlekings : RHP Steve Gardner
|
Batting: RHB Jeff Green
|
0-0: Ball 1-0: Ball 2-0: Ball 3-0: Called Strike 3-1: Foul Ball, location: 2F 3-2: Foul Ball, location: 2F 3-2: Fly out, F8 (Flyball, 8RM)
|
Batting: LHB Ken Watanabe
|
0-0: Foul Ball, location: 2F 0-1: Ball 1-1: Foul Ball, location: 2F 1-2: Foul Ball, location: 2F 1-2: Strikes out swinging
|
Batting: RHB Rafael Durango
|
0-0: Ball 1-0: Ball 2-0: Ball 3-0: Called Strike 3-1: Called Strike 3-2: Foul Ball, location: 2F 3-2: SOLO HOME RUN (Flyball, 7LD), Distance : 355 ft
|
Batting: RHB Ernesto Souza
|
0-0: Ground out 5-3 (Groundball, 56)
|
Bottom of the 7th over - 1 run, 1 hit, 0 errors, 0 left on base; Naperville 5 - Gryfindor 1 |
TOP OF THE 8TH |
Naperville Battlekings batting - Pitching for Gryfindor Braves : RHP José Vargo
|
Batting: RHB Sergio Pérez
|
0-0: Swinging Strike 0-1: Foul Ball, location: 2F 0-2: Ball 1-2: SINGLE (Groundball, 34) (infield hit)
|
Batting: LHB Wilson López
|
0-0: Sac Bunt - play at first, batter safe! Sergio Pérez to second
|
Batting: RHB Jean Lechuga
|
0-0: Bunt missed! 0-1: Sac Bunt - play at first, batter OUT! 1-4 Sergio Pérez to third Wilson López to second
|
Batting: LHB Rubén Aracil
|
0-0: Ball 1-0: Ball 2-0: Ball 3-0: Called Strike 3-1: Base on Balls
|
Batting: RHB Fernando Martínez
|
0-0: Fly out, F9 (Flyball, 9S) Runner from 3rd tags up, OUT at HOME
|
Top of the 8th over - 0 runs, 2 hits, 0 errors, 2 left on base; Naperville 5 - Gryfindor 1 |
BOTTOM OF THE 8TH |
Gryfindor Braves batting - Pitching for Naperville Battlekings : RHP Steve Gardner
|
Batting: RHB Roy Herring
|
0-0: Ball 1-0: Foul Ball, location: 2F 1-1: Fly out, F9 (Flyball, 9)
|
Batting: LHB Micheal Garren
|
0-0: Ball 1-0: Fly out, F7 (Flyball, 7)
|
Batting: RHB Paul Penrice
|
0-0: Fly out, F8 (Flyball, 8LD)
|
Bottom of the 8th over - 0 runs, 0 hits, 0 errors, 0 left on base; Naperville 5 - Gryfindor 1 |
TOP OF THE 9TH |
Naperville Battlekings batting - Pitching for Gryfindor Braves : RHP José Vargo
|
Batting: LHB Arthur Ryan
|
0-0: Fly out, F8 (Line Drive, 78M)
|
Batting: RHB Bill Rinck
|
0-0: Ball 1-0: Ground out 1-3 (Groundball, 15S)
|
Batting: RHB Ángel Rivera
|
0-0: Fly out, F4 (Popup, 4)
|
Top of the 9th over - 0 runs, 0 hits, 0 errors, 0 left on base; Naperville 5 - Gryfindor 1 |
BOTTOM OF THE 9TH |
Gryfindor Braves batting - Pitching for Naperville Battlekings : RHP Steve Gardner
|
Pitching: LHP Esteban Jiménez
|
|
Batting: LHB Ignacio Medine
|
0-0: Called Strike 0-1: Fly out, F3 (Line Drive, 34)
|
Batting: LHB Brent van Schoonhoven
|
0-0: Ball 1-0: Foul Ball, location: 2F 1-1: Called Strike 1-2: Ball 2-2: Strikes out swinging
|
Batting: RHB Jeff Green
|
0-0: Ball 1-0: Ball 2-0: Ball 3-0: Base on Balls
|
Batting: LHB Ken Watanabe
|
0-0: Ball 1-0: Called Strike 1-1: Called Strike 1-2: Ball 2-2: Ground out 4-3 (Groundball, 4)
|
Bottom of the 9th over - 0 runs, 0 hits, 0 errors, 1 left on base; Naperville 5 - Gryfindor 1 |
|